 Dungeon Crawl Stone Soup version 0.30.0-29-ga12c61a403 (webtiles) character file.

Game seed: 5621338300691575526

70 ChadusMaximus the Caller (level 4, -1/30 HPs)
             Began as a Barachi Summoner on June 24, 2023.
             Succumbed to an adder's poison
             ... on level 3 of the Dungeon.
             The game lasted 00:02:22 (1438 turns).

ChadusMaximus the Caller (Barachi Summoner)         Turns: 1438, Time: 00:02:22

Health: -1/30      AC:  2    Str:  9    XL:     4   Next: 22%
Magic:  4/8        EV: 12    Int: 17    God:
Gold:   64         SH:  0    Dex: 13    Spells: 3/9 levels left

rFire   . . .        d - +0 dagger
rCold   . . .        (no shield)
rNeg    . . .        a - +0 robe
rPois   .            (no helmet)
rElec   .            (no cloak)
rCorr   .            (no gloves)
SInv    .            (no boots)
Will    .....        (no amulet)
Stlth   ++           (no ring)
HPRegen 0.25/turn    (no ring)
MPRegen 0.11/turn

%: no passive effects
@: brilliant, lethally poisoned (-1 -> -3), unable to hop, slow
A: amphibious, slowness 1, strong legs 1, +LOS
a: Hop


You were on level 3 of the Dungeon.
You visited 1 branch of the dungeon, and saw 3 of its levels.

You collected 64 gold pieces.

Inventory:

Hand Weapons
 d - a +0 dagger (weapon)
Armour
 a - a +0 robe (worn)
Jewellery
 f - a +6 ring of dexterity
Scrolls
 c - a scroll of immolation {unknown}
 g - a scroll of poison {unknown}
 h - a scroll of teleportation {unknown}
 i - a scroll of enchant weapon {unknown}
Potions
 b - a potion of magic


   Skills:
 - Level 2.4 Dodging
 - Level 2.0 Stealth
 + Level 3.0 Spellcasting
 * Level 6.0 Summonings


You had 3 spell levels left.
You knew the following spells:

 Your Spells              Type           Power      Damage    Failure   Level
a - Summon Small Mammal   Summ           100%       N/A       1%          1
b - Call Canine Familiar  Summ           34%        N/A       4%          3
c - Call Imp              Summ           68%        N/A       2%          2

Your spell library contained the following spells:

 Spells                   Type           Power      Damage    Failure   Level
 Summon Guardian Golem    Hex/Summ       19%        N/A       16%         3
 Summon Lightning Spire   Summ/Air       19%        N/A       45%         4


Dungeon Overview and Level Annotations

Branches:
Dungeon (3/15)

Altars:

Annotations:
D:3 1 runed translucent door, Henri's ghost, amateur OpVM


Innate Abilities, Weirdness & Mutations

You are amphibious.
You cover ground slowly.
You can hop short distances.
You have an extended range of vision and can be seen from far away.


Message History

Okay, then.
It was a potion of brilliance.
You feel clever all of a sudden.
* * * LOW HITPOINT WARNING * * *
You feel sick. The adder barely misses your hound.
Your cerulean imp hits the adder from afar with a -2 spear.
Unknown command.
Hop to where?
Press: ? - help, Dir - move target Boing!
* * * LOW HITPOINT WARNING * * *
You feel sick.
Your hound bites the adder but does no damage.
The adder barely misses your hound.
Your hound completely misses the adder.
Your cerulean imp closely misses the adder.
* * * LOW HITPOINT WARNING * * *
You feel sick. The adder completely misses your hound.
Your hound bites the adder but does no damage.
The adder closely misses your hound.
Your cerulean imp hits the adder from afar with a -2 spear.
* * * LOW HITPOINT WARNING * * *
You feel sick.
Your hound barely misses the adder.
The adder bites your hound but does no damage.
Your hound barely misses the adder.
Your cerulean imp closely misses the adder.
Hit: d) +0 dagger
Press: ? - help, Dir - move target, f - you
Okay, then.
Hit: d) +0 dagger
Press: ? - help, Dir - move target You can't see that place. [the floor.]
Okay, then.
* * * LOW HITPOINT WARNING * * *
You feel sick. The adder barely misses your hound.
Your hound closely misses the adder.
Your cerulean imp hits the adder from afar with a -2 spear.
The adder dies!
Your Summonings skill increases to level 6!
You die...

#<..†####.####.#.###.#.
#..5....:...........
####.h............##.#.
+##).....................
..........##.##.#.........
.......$..+...#.#.##.#....
..........##..............
####.................#....
#.....@................
#.......!###.####........
#......### #... #+#####.
#...... ## W. ... #......
.##. #...... ... #.....
... ###### ...


You could see a friendly hound (summoned) and a friendly cerulean imp
(summoned).

Vanquished Creatures
  4 dart slugs
  An endoplasm (D:2)
  A giant cockroach (D:3)
  A goblin (D:1)
  A hobgoblin (D:2)
  2 jackals (D:1)
  2 bats (D:1)
  A frilled lizard (D:1)
  A rat (D:3)
14 creatures vanquished.

Vanquished Creatures (collateral kills)
  A gnoll (D:2)
  2 adders (D:3)
  3 ball pythons (D:1)
  2 bats
  3 endoplasms
  2 goblins (D:1)
  2 jackals (D:1)
  2 kobolds (D:2)
  A rat (D:1)
18 creatures vanquished.

Grand Total: 32 creatures vanquished

Notes
Turn   | Place    | Note
-------+----------+-------------------------------------------
     0 | D:1      | ChadusMaximus the Barachi Summoner began the quest for the
                  | Orb.
     0 | D:1      | Reached XP level 1. HP: 13/13 MP: 3/3
   287 | D:1      | Reached skill level 5 in Summonings
   287 | D:1      | Reached XP level 2. HP: 15/19 MP: 1/5
   755 | D:1      | Reached XP level 3. HP: 19/24 MP: 6/6
   759 | D:1      | Learned a level 3 spell: Call Canine Familiar
   762 | D:1      | Learned a level 2 spell: Call Imp
  1039 | D:2      | Found a faded altar of an unknown god.
  1321 | D:3      | Found a runed translucent door.
  1321 | D:3      | Noticed Henri's ghost (amateur OpVM)
  1341 | D:3      | Reached XP level 4. HP: 19/30 MP: 8/8
  1437 | D:3      | HP: 1/30 [poisoned by an adder]
  1438 | D:3      | Reached skill level 6 in Summonings
  1438 | D:3      | Succumbed to an adder's poison

Illustrated notes

Levels and vault maps discovered:
D:1:      wander_arrival_lonely_grave, layout_loops_ring, st_stairs_13
D:2:      minmay_door_path, layout_basic, ebering_ecumenical_altar_mist
D:3:      layout_basic, grunt_dithmenos_smoke_and_mirrors, gammafunk_ghost_grave

Skill      XL: |  1  2  3  4 |
---------------+-------------+-----
Stealth        | 2 |  2.0
Summonings     | 5 6 |  6.0
Spellcasting   | 3 |  3.0
Dodging        | |  2.4

Action                     |  1- 3 |  4- 6 || total
---------------------------+-------+-------++-------
  Melee: Unarmed           |    18 |       ||    18
         Dagger            |    86 |    11 ||    97
         Punch             |     1 |       ||     1
   Cast: Summon Small Mamm |    22 |       ||    22
         Call Imp          |     4 |     1 ||     5
         Call Canine Famil |     2 |     2 ||     4
Ability: Hop               |     3 |     1 ||     4
    Use: Potion            |       |     1 ||     1
   Stab: Sleeping          |     2 |       ||     2
 Armour: Robe              |    24 |     3 ||    27
  Dodge: Dodged            |    88 |    13 ||   101
